 Dungeon Sprint DCSS version 0.21.0-24-g2553a33 (webtiles) character file.

1248 letownia2 the Grappler (level 8, -8/77 (78) HPs)
             Began as a Troll Wizard on Jan 20, 2018.
             Was an Initiate of Gozag.
             Mangled by Snorg (10 damage)
             ... in the Dungeon (Sprint III: "The Ten Rune Challenge").
             The game lasted 00:04:02 (589 turns).

letownia2 the Grappler (Troll Wizard)                Turns: 589, Time: 00:04:02

HP:   -8/77 (78)    AC:  6    Str: 16      XL:     8   Next: 26%
MP:   2/13          EV: 10    Int: 16      God:    Gozag
Gold: 508           SH:  0    Dex:  6 (8)  Spells: 5/15 levels left

rFire    . . .     SeeInvis .     - Unarmed
rCold    . . .     Gourm    +   (no shield)
rNeg     . . .     Faith    .   a - +0 robe
rPois    .         Spirit   .   b - +0 hat
rElec    .         Reflect  .   l - +0 cloak
rCorr    .         Harm     .   (gloves unavailable)
MR       .....     NoTele   +   (boots unavailable)
Stlth    +.........             (no amulet)
HPRegen  0.62/turn              (no ring)
MPRegen  0.13/turn              (no ring)

@: no status effects
A: large, unfitting armour, claws 3, fast metabolism 3, gourmand, regeneration
1, shaggy fur 1, tough skin 2
a: Potion Petition, Call Merchant, Bribe Branch, Renounce Religion


You were in the Dungeon.
You worshipped Gozag.
Gozag was pleased with you.
You were not hungry.

You visited 1 branch You collected 508 gold pieces.

Inventory:

Hand Weapons
 k - a +2 quarterstaff of chaos
Armour
 a - a +0 robe (worn)
 b - a +0 hat (worn)
 l - a +0 cloak (worn)
Scrolls
 j - a scroll of blinking
 n - 2 scrolls of torment {unknown}
 o - 3 scrolls of identify
 p - a scroll of immolation {unknown}
 r - 2 scrolls of remove curse
Potions
 e - a potion of curing
 f - 2 potions of heal wounds
 g - a potion of haste
 h - 2 potions of magic
 i - a potion of berserk rage
 m - 5 potions of mutation
 q - a potion of flight {unknown}
 s - 2 potions of might
Books
 c - a book of Minor Magic

   Spells                             Type                      Level
   a - Magic Dart                     Conjuration                  1
   b - Blink                          Translocation                2
   c - Call Imp                       Summoning                    2
   d - Slow                           Hexes                        2
   e - Conjure Flame                  Conjuration/Fire             3
   f - Mephitic Cloud                 Conjuration/Poison/Air       3
 u - a book of Misfortune

   Spells                             Type                      Level
   a - Confusing Touch                Hexes                        1
   b - Confuse                        Hexes                        3
   c - Gell's Gravitas                Translocation                3
   d - Petrify                        Transmutation/Earth          4
   e - Metabolic Englaciation         Hexes/Ice                    5
   f - Yara's Violent Unravelling     Hexes/Transmutation          5
Miscellaneous
 t - a box of beasts
Comestibles
 d - 5 rations


   Skills:
 - Level 4.0 Fighting
 - Level 3.3 Dodging
 - Level 1.0 Stealth
 * Level 12.1 Unarmed Combat
 - Level 4.1 Spellcasting
 - Level 4.3 Conjurations
 + Level 0.0 Hexes
   Level 0.6 Summonings
 - Level 2.7 Translocations
 - Level 3.3 Fire Magic
 - Level 3.0 Air Magic
 - Level 3.2 Poison Magic


You had 5 spell levels left.
You knew the following spells:

 Your Spells              Type           Power        Failure   Level  Hunger
a - Magic Dart            Conj           ###.         2%          1    None
b - Blink                 Tloc           N/A          9%          2    ##.....
c - Conjure Flame         Conj/Fire      ###.....     11%         3    ###....
d - Confusing Touch       Hex            #.....       17%         1    None
e - Mephitic Cloud        Conj/Pois/Air  ##......     12%         3    ###....


Dungeon Overview and Level Annotations

Branches:
Dungeon (1/1)

Altars:
Cheibriados
Dithmenos
Elyvilon
Fedhas
Gozag
Hepliaklqana
Kikubaaqudgha
Makhleb
Nemelex Xobeh
Okawaru
Qazlal
Ru
Sif Muna
Trog
Uskayaw
Vehumet
Wu Jian
Xom
Yredelemnul
Zin
The Shining One
Beogh
Jiyva
Lugonu

Annotations:
D Snorg


Innate Abilities, Weirdness & Mutations

You are too large for most types of armour.
You have claws for hands.
Your metabolism is lightning-fast.
You like to eat raw meat.
Your natural rate of healing is unusually fast.
You are covered in fur. (AC +1)
You have very tough skin. (AC +2)


Message History

Press: ? - help, Shift-Dir - straight line, f/p - Snorg
Aim: Snorg (severely wounded, berserk, fast, unusually strong) That beam is likely to hit you.
Continue anyway?
The ball explodes into a vile cloud!
The stinking cloud engulfs you!
The stinking cloud engulfs Snorg.
Snorg is severely wounded.
You are engulfed in noxious fumes.
Snorg is engulfed in noxious fumes.
Snorg bites you!!
* * * LOW HITPOINT WARNING * * *
Snorg claws you!
* * * LOW HITPOINT WARNING * * *
Snorg claws you but does no damage.
Snorg is engulfed in noxious fumes.
Snorg appears confused.
Unknown command.
Unknown command.
Unknown command.
You are engulfed in noxious fumes.
Snorg is engulfed in noxious fumes.
Snorg appears confused.
Snorg bites you!
You die...
Your body crumbles into a pile of gold.

##..#___#___#__#$ $$ $
$ .#..#.).#__.#._#$$ $
.#..###'#'###'##$$ $
'#..#..........#. $$
#...'.⌠........#.$$$
$$$ #...#...######'#.
$
....#.⌠.#__#...#+#####
....#...#__#...#§T§≈§+
....#)###__#...#@#§§§#
....#)..#__#...'.#T§§#
....#___#__'...#.#§.§#
▓▓▓▓▓▓▓▓▓▓▓▓▓▓▓▓▓▓▓▓▓▓


You could see Snorg (berserk).

Vanquished Creatures
  A deep elf mage (D)
  A shadow (D)
  A spatial vortex (D)
  A necrophage (D)
  A water elemental (D)
  A jelly (D)
  A wizard (D)
  Crazy Yiuf (D)
  Jessica (D)
  A necromancer (D)
  3 humans (D)
  A kobold demonologist (D)
  An ooze (D)
  2 rats (D)
17 creatures vanquished.

Vanquished Creatures (others)
  2 draconian scorchers (D)
  6 hellions (D)
  2 yaktaurs (D)
  2 plants (D)
12 creatures vanquished.

Grand Total: 29 creatures vanquished

Notes
Turn   | Place    | Note
-------+----------+-------------------------------------------
     0 | D        | letownia2 the Troll Wizard began the quest for the Orb.
     0 | D        | Reached XP level 1. HP: 16/16 MP: 2/2
     8 | D        | Reached skill level 1 in Unarmed Combat
    13 | D        | Reached skill level 1 in Fighting
    13 | D        | Reached skill level 2 in Unarmed Combat
    28 | D        | Noticed Jessica
    33 | D        | Killed a yaktaur
    39 | D        | Killed a yaktaur
    44 | D        | Killed Jessica
    44 | D        | Reached skill level 4 in Unarmed Combat
    44 | D        | Reached XP level 2. HP: 26/29 MP: 4/4
    44 | D        | Reached XP level 3. HP: 32/36 MP: 5/5
    94 | D        | Killed a hellion
    98 | D        | Learned a level 3 spell: Mephitic Cloud
   102 | D        | Learned a level 3 spell: Conjure Flame
   106 | D        | Killed a hellion
   108 | D        | Noticed Crazy Yiuf
   118 | D        | Killed Crazy Yiuf
   118 | D        | Reached skill level 5 in Unarmed Combat
   118 | D        | Reached skill level 1 in Conjurations
   118 | D        | Reached XP level 4. HP: 44/44 MP: 0/7
   179 | D        | Noticed a water elemental
   184 | D        | Killed a water elemental
   184 | D        | Reached skill level 1 in Fire Magic
   184 | D        | Reached skill level 1 in Air Magic
   184 | D        | Reached skill level 1 in Poison Magic
   184 | D        | Reached XP level 5. HP: 50/50 MP: 4/9
   186 | D        | Killed a white draconian scorcher
   197 | D        | Killed a white draconian scorcher
   198 | D        | Learned a level 2 spell: Blink
   226 | D        | Found a glowing silver altar of Zin.
   226 | D        | Found a glowing golden altar of the Shining One.
   226 | D        | Found a white marble altar of Elyvilon.
   229 | D        | Noticed a deep elf mage
   234 | D        | Killed a hellion
   235 | D        | Killed a hellion
   235 | D        | Killed a hellion
   236 | D        | Killed a deep elf mage
   236 | D        | Reached skill level 7 in Unarmed Combat
   236 | D        | Reached XP level 6. HP: 62/62 MP: 6/11
   236 | D        | Reached XP level 7. HP: 70/70 MP: 6/12
   265 | D        | Noticed a shadow
   272 | D        | Reached skill level 8 in Unarmed Combat
   282 | D        | Killed a shadow
   282 | D        | Reached skill level 9 in Unarmed Combat
   282 | D        | Killed a hellion
   291 | D        | Found a blossoming altar of Fedhas.
   291 | D        | Found a stormy altar of Qazlal.
   291 | D        | Found a snail-covered altar of Cheibriados.
   291 | D        | Found a burning altar of Makhleb.
   291 | D        | Found a shimmering altar of Xom.
   292 | D        | Found a hazy altar of Hepliaklqana.
   292 | D        | Found an opulent altar of Gozag.
   292 | D        | Found a sparkling altar of Nemelex Xobeh.
   292 | D        | Found a corrupted altar of Lugonu.
   292 | D        | Found a viscous altar of Jiyva.
   292 | D        | Noticed a spatial vortex
   300 | D        | Became a worshipper of Gozag Ym Sagoz the Greedy
   310 | D        | Killed a spatial vortex
   310 | D        | Reached skill level 10 in Unarmed Combat
   386 | D        | Found a basalt altar of Yredelemnul.
   386 | D        | Found a shadowy altar of Dithmenos.
   386 | D        | Found a sacrificial altar of Ru.
   449 | D        | Found a hide-covered altar of Uskayaw.
   449 | D        | Found an iron altar of Okawaru.
   450 | D        | Found a roughly hewn altar of Beogh.
   450 | D        | Found a bloodstained altar of Trog.
   450 | D        | Found an ornate altar of the Wu Jian Council.
   450 | D        | Noticed a human
   452 | D        | Noticed a human
   454 | D        | Killed a human
   454 | D        | Reached skill level 11 in Unarmed Combat
   454 | D        | Reached XP level 8. HP: 77/77 MP: 9/13
   478 | D        | Found a radiant altar of Vehumet.
   500 | D        | Found a deep blue altar of Sif Muna.
   500 | D        | Found an ancient bone altar of Kikubaaqudgha.
   501 | D        | Reached skill level 12 in Unarmed Combat
   525 | D        | Learned a level 1 spell: Confusing Touch
   542 | D        | Noticed Snorg
   588 | D        | HP: 2/77 [Snorg (15)]
   589 | D        | Mangled by Snorg

Skill      XL: |  1  2  3  4  5  6  7  8 |
---------------+-------------------------+-----
Unarmed Combat | 4 5 7 11 12 | 12.1
Fighting       | 2 4 |  4.0
Spellcasting   | 3 4 |  4.1
Conjurations   | 1 2 3 4 |  4.3
Fire Magic     | 1 3 |  3.3
Air Magic      | 1 3 |  3.0
Poison Magic   | 1 3 |  3.2
Dodging        | 3 |  3.3
Translocations | 2 |  2.7
Stealth        | |  1.0
Summonings     | |  0.6

Action                   |  1- 3 |  4- 6 |  7- 9 || total
-------------------------+-------+-------+-------++-------
Melee: Unarmed           |    23 |     8 |    47 ||    78
       Punch             |       |       |     5 ||     5
 Cast: Mephitic Cloud    |     1 |     1 |     6 ||     8
       Conjure Flame     |       |     1 |     4 ||     5
       Magic Dart        |       |       |     1 ||     1
 Stab: Confused          |     1 |       |     3 ||     4
  Eat: Chunk             |     2 |       |     3 ||     5
Armor: Robe              |     2 |       |    10 ||    12
Dodge: Dodged            |     7 |     4 |    13 ||    24
